 Dungeon Crawl Stone Soup version 0.19-a0-1821-g42c593c (webtiles) character file.

658 Alarkh the Magician (level 7, -3/46 HPs)
             Began as a Mummy Fire Elementalist on Oct 6, 2016.
             Killed from afar by Dowan (26 damage)
             ... with a shard of ice
             ... on level 4 of the Dungeon.
             The game lasted 00:05:26 (3435 turns).

Alarkh the Magician (Mummy Fire Elementalist)       Turns: 3435, Time: 00:05:27

Health: -3/46      AC:  3    Str: 11    XL:     7   Next: 29%
Magic:  2/13       EV: 12    Int: 17    God:
Gold:   93         SH:  0    Dex: 12    Spells: 4 memorised, 4 levels left

rFire  x . .     SeeInvis .     l - +0 long sword
rCold  + . .     Gourm    .     e - +1 robe {rN+}
rNeg   + + +     Faith    .     (no shield)
rPois  ∞         Spirit   .     (no helmet)
rElec  .         Dismiss  .     (no cloak)
rCorr  +         Reflect  .     (no gloves)
MR     .....     Harm     .     (no boots)
Stlth  ++........               (no amulet)
                                j - ring of resist corrosion
                                (no ring)

@: very slightly contaminated
A: no food or potions, fire vulnerability, cold resistance 1, negative energy
resistance 3, torment resistance, unbreathing
a: no special abilities


You were on level 4 of the Dungeon.
You were not hungry.

You visited 1 branch of the dungeon, and saw 4 of its levels.

You collected 93 gold pieces.

Inventory:

Hand Weapons
 h - a +0 mace
 l - a +0 long sword (weapon)
Armour
 a - a +0 robe
 e - a +1 robe of positive energy (worn)
Jewellery
 j - a ring of resist corrosion (right hand)
Scrolls
 c - a scroll of enchant armour {unknown}
 d - a scroll of amnesia {unknown}
 f - a scroll of immolation {unknown}
 g - a scroll of noise {unknown}
 i - a scroll of fear {unknown}
 k - 2 scrolls of remove curse
 m - a scroll of teleportation {unknown}
 n - a scroll of enchant weapon {unknown}
Books
 b - a book of Flames

   Spells                             Type                      Level
   a - Flame Tongue                   Conjuration/Fire             1
   b - Throw Flame                    Conjuration/Fire             2
   c - Conjure Flame                  Conjuration/Fire             3
   d - Inner Flame                    Hexes/Fire                   3
   e - Sticky Flame                   Conjuration/Fire             4
   f - Fireball                       Conjuration/Fire             5


   Skills:
 * Level 2.3 Long Blades
 - Level 1.5 Dodging
 - Level 1.5 Stealth
 + Level 4.3 Spellcasting
 + Level 3.3 Conjurations
 + Level 4.2 Fire Magic


You had 4 spell levels left.
You knew the following spells:

 Your Spells              Type           Power        Failure   Level  Hunger
a - Flame Tongue          Conj/Fire      ###..        3%          1    N/A
b - Throw Flame           Conj/Fire      ###...       6%          2    N/A
c - Conjure Flame         Conj/Fire      ###.....     12%         3    N/A
d - Sticky Flame          Conj/Fire      ###.....     38%         4    N/A

Dungeon Overview and Level Annotations

Branches:
Dungeon (4/15)
 Temple: D:4-7

Altars:
Ashenzari
Dithmenos

Annotations:
D:1 1 exclusion
D:4 Dowan


Innate Abilities, Weirdness & Mutations

You do not eat or drink.
Your flesh is vulnerable to fire.
You are immune to poison.
Your flesh is cold resistant. (rC+)
You are immune to negative energy. (rN+++)
You are immune to unholy pain and torment.
You can survive without breathing.


Message History

Dowan seems to find hidden reserves of power!
Your Long Blades skill increases to level 2!
Dowan casts a spell.
Dowan blinks!
You see here a giant club.
Dowan says, "Her death will not be in vain!"
Casting: Sticky Flame
Confirm with . or Enter, or press ? or * to list all spells.
Aiming: Sticky Flame
Press: ? - help, Shift-Dir - straight line, f/p - Dowan
Aim: Dowan, wielding a dagger and wearing a robe (fast)
You miscast Sticky Flame.
Wisps of smoke drift from your hands. Dowan hits you with a dagger.
Okay, then.
Dowan closely misses you. Dowan hits you with a dagger.
Dowan gestures at you while chanting. The shard of ice hits you!
You partially resist.
Ouch! That really hurt!
You die...

##.###..............#.....
#..#..###...............#
#######.#.#.##...#.#..###.e....
#.........#.##.........##..)..#
#................#.#..(.....###
#.........#.###...##...####.#
###.........#.# ##.###...#....#
#.......<.)>#.###...##...#....##
#.#...........##@.e..###)#.....##
#...........#................_...
###.........#.#......#######.....
#.........#.#.#...## ....
##.##.#####.#.##### . ##.##.#
#.#.# ###...#.#####.#.###
....#.............#
###...#######.###.....


You could see Dowan.

Vanquished Creatures
  Sigmund (D:2)
  Duvessa (D:4)
  An ogre (D:4)
  Blork the orc (D:4)
  A scorpion (D:4)
  A crimson imp (D:3)
  2 centaur skeletons (D:4)
  Terence (D:2)
  4 adders
  A dart slug (D:2)
  A worm (D:1)
  A leopard gecko (D:1)
  4 giant cockroaches
  4 goblins
  4 hobgoblins
  4 jackals (D:3)
  8 kobolds
  2 quokkas (D:3)
  3 bats
  A frilled lizard (D:2)
  A jackal skeleton (D:4)
  12 rats
59 creatures vanquished.

Vanquished Creatures (others)
  A bat (D:1)
  A kobold (D:1)
2 creatures vanquished.

Grand Total: 61 creatures vanquished

Notes
Turn   | Place    | Note
-------+----------+-------------------------------------------
     0 | D:1      | Alarkh the Mummy Fire Elementalist began the quest for the Orb.
     0 | D:1      | Reached XP level 1. HP: 13/13 MP: 3/3
   466 | D:1      | Reached skill level 1 in Conjurations
   497 | D:1      | Reached XP level 2. HP: 18/19 MP: 3/5
  1084 | D:2      | Noticed Sigmund
  1408 | D:2      | Learned a level 2 spell: Throw Flame
  1446 | D:2      | Reached XP level 3. HP: 20/24 MP: 1/7
  1495 | D:2      | Learned a level 3 spell: Conjure Flame
  1529 | D:2      | Noticed Terence
  1535 | D:2      | Killed Terence
  1570 | D:3      | Reached XP level 4. HP: 21/30 MP: 0/8
  1806 | D:3      | Found a shadowy altar of Dithmenos.
  2157 | D:2      | Killed Sigmund
  2157 | D:2      | Reached XP level 5. HP: 29/35 MP: 4/10
  2528 | D:3      | Reached XP level 6. HP: 41/41 MP: 11/11
  2785 | D:3      | Learned a level 4 spell: Sticky Flame
  2934 | D:4      | Reached skill level 1 in Long Blades
  2945 | D:4      | Noticed Blork the orc
  3064 | D:4      | Found a shattered altar of Ashenzari.
  3286 | D:4      | Killed Blork the orc
  3286 | D:4      | Reached XP level 7. HP: 27/46 MP: 4/13
  3320 | D:4      | Noticed Duvessa
  3320 | D:4      | Noticed Dowan
  3420 | D:4      | Killed Duvessa
  3435 | D:4      | Killed from afar by Dowan

Vault maps used:
D:1:      tarquinn_simple_flora_water_a, serial_forest,
          infiniplex_forest_straight_2, infiniplex_forest_clump_small,
          infiniplex_forest_diagonal, infiniplex_forest_clump_long,
          infiniplex_forest_corner_1, infiniplex_forest_clump_diagonal,
          infiniplex_forest_lined_corner, infiniplex_forest_straight_3,
          kennysheep_minor_cross, lemuel_flame_loot_1
D:2:      serial_bayou_pond_a, uniq_terence, uniq_sigmund
D:3:      grunt_dithmenos_smoke, serial_co_window_serial, co_window_paths_a,
          co_window_corner_a, co_window_corner_a, co_window_of_opportunity_a,
          co_window_paths_a, co_window_broadway_a, co_window_paths_c,
          co_window_unsneaky_path_c, co_window_unsneaky_path_d,
          co_window_unsneaky_path_e, co_window_4corner_b, glass_columns_a,
          glass_columns_a, glass_columns_a, glass_columns_a, glass_columns_a
D:4:      lemuel_castle_with_subvaults, nicolae_overflow_crystal_walls,
          uniq_duvessa, uniq_blork_the_orc, uniq_grinder

Skill      XL: |  1  2  3  4  5  6  7 |
---------------+----------------------+-----
Conjurations   | 1 2 3 |  3.3
Fire Magic     | 3 4 |  4.2
Spellcasting   | 3 4 |  4.3
Long Blades    | 1 2 |  2.3
Dodging        | |  1.5
Stealth        | |  1.5

Action                   |  1- 3 |  4- 6 |  7- 9 || total
-------------------------+-------+-------+-------++-------
Melee: Unarmed           |    19 |       |       ||    19
       Mace              |    13 |       |       ||    13
       Long sword        |       |     3 |       ||     3
 Cast: Flame Tongue      |    52 |    69 |     2 ||   123
       Sticky Flame      |       |       |     1 ||     1
  Use: Scroll            |       |     1 |       ||     1
Armor: Robe              |    12 |     7 |       ||    19
Dodge: Dodged            |    48 |    27 |     3 ||    78
       Rpst.: Long sword |       |     4 |     1 ||     5
